 Dungeon Crawl Stone Soup version 0.22-a0-351-g29664b4 (webtiles) character file.

662 mhoghedin the Vexing (level 7, -1/36 HPs)
             Began as a Kobold Enchanter on Apr 10, 2018.
             Was an Initiate of Vehumet.
             Killed from afar by an orc (6 damage)
             ... with a wand of flame (27)
             ... on level 5 of the Dungeon on Apr 12, 2018.
             The game lasted 00:18:53 (5947 turns).

mhoghedin the Vexing (Kobold Enchanter)             Turns: 5947, Time: 00:18:54

Health: -1/36      AC:  8    Str:  6    XL:     7   Next: 87%
Magic:  10/10      EV: 15    Int: 18    God:    Vehumet [......]
Gold:   271        SH:  0    Dex: 15    Spells: 1/10 levels left

rFire    x . .     SeeInvis .   a - +1 dagger
rCold    + . .     Gourm    .   (shield restricted)
rNeg     . . .     Faith    .   b - +0 robe
rPois    .         Spirit   .   (no helmet)
rElec    .         Reflect  .   q - +0 cloak
rCorr    .         Harm     .   e - +1 pair of gloves
MR       .....                  (no boots)
Stlth    +++.......             (no amulet)
HPRegen  0.12/turn              h - +3 ring of protection
MPRegen  0.12/turn              j - ring of ice {rC+, rF-}

@: very slightly contaminated
A: small, carnivore
a: Renounce Religion


You were on level 5 of the Dungeon.
You worshipped Vehumet.
Vehumet was noncommittal.
You were full.

You visited 1 branch of the dungeon, and saw 5 of its levels.

You collected 271 gold pieces.

Inventory:

Hand Weapons
 a - a +1 dagger (weapon)
Armour
 b - a +0 robe (worn)
 e - a +1 pair of gloves (worn)
   (You found it on level 1 of the Dungeon)
 q - a +0 cloak (worn)
   (You took it off Crazy Yiuf on level 3 of the Dungeon)
 u - a +0 helmet
   (You found it on level 5 of the Dungeon)
Jewellery
 h - a +3 ring of protection (left hand)
   (You found it on level 1 of the Dungeon)
 j - a ring of ice (right hand) {rC+, rF-}
   (You found it on level 2 of the Dungeon)
Scrolls
 f - 2 scrolls of teleportation
 l - a scroll of enchant armour {unknown}
 n - a scroll of noise {unknown}
 o - 3 scrolls of remove curse {unknown}
 p - 2 scrolls of random uselessness {unknown}
 r - 2 scrolls of identify
 t - a scroll of magic mapping {unknown}
 v - a scroll of amnesia {unknown}
 w - a scroll of fog {unknown}
 x - 2 scrolls of blinking {!r}
Potions
 c - a potion of flight {unknown}
 g - a potion of brilliance {unknown}
 i - 5 potions of curing {unknown}
 k - a potion of lignification {!q}
 m - a potion of might {unknown}
 s - a potion of degeneration {unknown}
Comestibles
 d - 12 rations


   Skills:
 - Level 4.2 Short Blades
 - Level 2.4 Dodging
 - Level 6.0 Stealth
 - Level 2.1 Spellcasting
 + Level 2.6 Conjurations
 + Level 6.6 Hexes


You had one spell level left.
You knew the following spells:

 Your Spells              Type           Power        Failure   Level  Hunger
a - Ensorcelled Hibernat  Hex/Ice        ###...       7%          2    ###....
b - Dazzling Spray        Conj/Hex       ###...       8%          3    ###....
c - Confuse               Hex            ####....     3%          3    ###....
v - Corona                Hex            ####...      1%          1    #......


Dungeon Overview and Level Annotations

Branches:
Dungeon (5/15)             Temple (0/1) D:4

Altars:
Fedhas
Vehumet


Innate Abilities, Weirdness & Mutations

You are small and have problems with some larger weapons.
You are carnivorous and can eat meat at any time.


Message History

Okay, then.
Unknown command.
Aim: a gnoll, wielding a spear The spray of energy misses the gnoll.
The gnoll hits you from afar with a spear.
You take 2 damage, and have 20/36 hp.
You now have 1/10 mp.
The gnoll completely misses you.
You see here a helmet.
u - a helmet The gnoll closely misses you.
You start resting.
Aim: a gnoll, wielding a spear (chance to defeat MR: 59%)
You feel a surge of power!
The gnoll resists with significant effort.
The gnoll hits you with a spear.
You take 4 damage, and have 17/36 hp.
You now have 0/10 mp.
You barely miss the gnoll. The gnoll hits you with a spear.
You take 4 damage, and have 13/36 hp.
You closely miss the gnoll.
A gnoll comes into view.
The gnoll barely misses you. The gnoll closely misses you.
You see here a short sword.
The crimson imp blinks!
The gnoll hits you.
You take 3 damage, and have 13/36 hp.
The crimson imp blinks!
The crimson imp blinks!
The crimson imp blinks!
An ogre comes into view. It is wielding a giant spiked club.
The ogre shouts!
You hit the adder zombie but do no damage.
The gnoll barely misses you.
You hit the adder zombie. The adder zombie closely misses you.
The gnoll hits you but does no damage.
You hit the adder zombie. The adder zombie barely misses you.
The adder zombie bites you.
You take 2 damage, and have 13/36 hp.
The adder zombie closely misses you. The ogre closely misses you.
The crimson imp blinks!
The adder zombie misses you.
There is a stone staircase leading up here.
The gnoll hits you.
* * * LOW HITPOINT WARNING * * *
The adder zombie bites you.
* * * LOW HITPOINT WARNING * * *
You climb upwards.
There is a stone staircase leading down here.
You take 6 damage, and have 7/36 hp.
Aim: a gnoll (chance to defeat MR: 59%)
You feel a surge of power!
The gnoll looks drowsy...
You now have 3/10 mp.
The helpless gnoll fails to defend itself.
You impale the gnoll!!
You kill the gnoll!
Vehumet accepts your kill.
You start resting.
Health restored: 36; MP restored: 10
There is a stone staircase leading down here.
You climb downwards.
There is a stone staircase leading up here.
x - 3 scrolls labeled OTIUNE ZUIVA An orc comes into view.
It is wielding a flail.
An orc is nearby!
Blink to where?
You are very lightly contaminated with residual magic.
As you read the scroll labeled OTIUNE ZUIVA, it crumbles to dust.
It was a scroll of blinking.
An orc and a skeleton come into view.
The orc is wielding a vampiric dagger.
Found a stone staircase leading up.
The orc shouts!
You hit the orc but do no damage.
You hear a shout!
The orc misses you.
A centaur comes into view.
The orc closely misses you.
The centaur wields a runed shortbow.
It is covered in frost.
The centaur shoots an arrow.
The arrow hits you! The arrow freezes you.
A sky beast comes into view.
You see here an arrow.
You take 17 damage, and have 19/36 hp.
MASSIVE DAMAGE!!
The orc shouts!
You hear a shout!
The orc throws a stone.
The stone completely misses you.
The centaur shoots an arrow.
The arrow hits you!
* * * LOW HITPOINT WARNING * * *
The arrow freezes you.
* * * LOW HITPOINT WARNING * * *
Things that are here:
an arrow; a stone You take 13 damage, and have 6/36 hp.
MASSIVE DAMAGE!!
The leopard gecko skeleton bites you.
* * * LOW HITPOINT WARNING * * *
You take 3 damage, and have 4/36 hp.
The leopard gecko skeleton completely misses you.
The leopard gecko skeleton misses you.
An orc comes into view. It is wielding a short sword.
The orc moves out of view.
The orc zaps a wand.
The puff of flame hits you! The fire burns you terribly!
You die...

#.## #o..c(..#
..# #c###...#
#.# #.# #...#
.... #.## #.#
#....# .......
#..###.# #.....#
....... ##.##o.#
#.#.#... .......
##...c##
..#.##.##
....... #..Z###
..... .#
......###@#.###
.#.#.. #
#.......#....
..##..........##
.......<..##..#
.....#.....##.#
...........# .#
..########.....
.....( ##.#.


You could see a centaur, an orc and a leopard gecko skeleton.

Vanquished Creatures
  A phantom (D:4)
  An ogre (D:4)
  A centaur (D:5)
  A scorpion (D:4)
  A howler monkey (D:5)
  Crazy Yiuf (D:3)
  A hound (D:5)
  An orc wizard (D:4)
  2 worker ants (D:4)
  A worker ant zombie (D:3)
  2 gnolls
  7 adders
  An adder skeleton (D:3)
  4 worms
  6 dart slugs
  2 leopard geckos (D:4)
  5 orcs
  2 giant cockroaches
  5 hobgoblins
  7 jackals (D:1)
  3 kobolds
  3 quokkas
  4 ball pythons
  8 bats
  2 frilled lizards
  7 goblins
  A quokka skeleton (D:4)
  7 rats
87 creatures vanquished.

Vanquished Creatures (others)
  An orc (D:5)
  A quokka (D:5)
2 creatures vanquished.

Grand Total: 89 creatures vanquished

Notes
Turn   | Place    | Note
-------+----------+-------------------------------------------
     0 | D:1      | mhoghedin the Kobold Enchanter began the quest for the Orb.
     0 | D:1      | Reached XP level 1. HP: 10/10 MP: 3/3
   195 | D:1      | Reached skill level 2 in Short Blades
   195 | D:1      | Reached XP level 2. HP: 14/15 MP: 5/5
   572 | D:1      | Learned a level 2 spell: Ensorcelled Hibernation
   620 | D:1      | Reached XP level 3. HP: 10/19 MP: 3/6
  1002 | D:1      | Reached skill level 5 in Stealth
  1094 | D:1      | Reached skill level 3 in Short Blades
  1901 | D:1      | Learned a level 3 spell: Confuse
  1967 | D:2      | Reached XP level 4. HP: 24/24 MP: 7/7
  2266 | D:2      | Found a faded altar of an unknown god.
  2320 | D:2      | Found a blossoming altar of Fedhas.
  2856 | D:2      | Reached skill level 4 in Short Blades
  2940 | D:3      | Found a radiant altar of Vehumet.
  3068 | D:3      | Reached skill level 6 in Stealth
  3068 | D:3      | Reached XP level 5. HP: 21/28 MP: 4/8
  3258 | D:3      | Became a worshipper of Vehumet
  3303 | D:3      | Upgraded the game from 0.22-a0-348-gd16d139 to 0.22-a0-351-g29664b4
  4002 | D:3      | Found a runed door.
  4222 | D:3      | Noticed Crazy Yiuf
  4226 | D:3      | Killed Crazy Yiuf
  4276 | D:4      | Noticed an ogre
  4283 | D:4      | Killed an ogre
  4283 | D:4      | Reached skill level 4 in Hexes
  4283 | D:4      | Reached XP level 6. HP: 32/32 MP: 9/9
  4449 | D:4      | Found a staircase to the Ecumenical Temple.
  4517 | D:4      | Reached skill level 5 in Hexes
  4838 | D:4      | Noticed a phantom
  4855 | D:4      | Killed a phantom
  4855 | D:4      | Reached XP level 7. HP: 33/36 MP: 6/10
  4940 | D:4      | Learned a level 3 spell: Dazzling Spray
  4974 | D:4      | Reached skill level 6 in Hexes
  5028 | D:4      | Reached skill level 1 in Conjurations
  5467 | D:5      | Entered Level 5 of the Dungeon
  5476 | D:5      | Reached skill level 2 in Conjurations
  5644 | D:5      | HP: 8/36 [gnoll (5)]
  5934 | D:5      | HP: 7/36 [centaur/arrow (12)]
  5947 | D:5      | Killed from afar by an orc

Vault maps used:
D:1:      onia_arrival_pentagram, serial_co_window_serial, co_window_paths_b,
          co_window_paths_a, co_window_paths_b, co_window_of_opportunity_a,
          co_window_paths_b, co_window_paths_c, co_window_unsneaky_path_e,
          co_window_cross_3, co_window_corner_b, co_window_paths_d,
          glass_columns_a, glass_columns_c, minmay_pentomino_x4
D:2:      fedhas_altar_2, chequers_ecumenical_altar_lobes
D:3:      nicolae_overflow_crystal_walls, minmay_randomly_rotated_circles,
          uniq_crazy_yiuf_cottage
D:4:      lemuel_temple_firewalk_b
D:5:      elyvilon_altar_4, first_ration, minmay_strange_pillars,
          minmay_misc_feat_diagonals, lemuel_statue_altar

Skill      XL: |  1  2  3  4  5  6  7 |
---------------+----------------------+-----
Short Blades   | 2 3 4 |  4.2
Stealth        | 5 6 |  6.0
Hexes          | 4 5 6 |  6.6
Conjurations   | 2 |  2.6
Dodging        | |  2.4
Spellcasting   | |  2.1

Action                   |  1- 3 |  4- 6 |  7- 9 || total
-------------------------+-------+-------+-------++-------
Melee: Dagger            |   164 |   146 |   130 ||   440
       Hand axe          |       |    12 |       ||    12
 Cast: Ensorcelled Hiber |     3 |    22 |     8 ||    33
       Confuse           |       |     4 |     4 ||     8
       Dazzling Spray    |       |       |     4 ||     4
  Use: Scroll            |     4 |       |     2 ||     6
       Potion            |       |       |     1 ||     1
 Stab: Sleeping          |     7 |    21 |     4 ||    32
       Confused          |       |     5 |     1 ||     6
       Distracted        |       |     1 |     1 ||     2
       Invisible         |       |       |     1 ||     1
  Eat: Chunk             |    12 |    11 |     2 ||    25
Armor: Robe              |    18 |    52 |    28 ||    98
       Skin              |       |       |    62 ||    62
Dodge: Dodged            |   102 |   129 |    77 ||   308

Table legend:
 A = Spawn XP
 B = Non-spawn XP
 C = Spawn XP percentage of total XP
 D = Spawn monster count
 E = Non-spawn monster count
 F = Spawn count percentage of total count
 G = Total turns spent on level
                    A         B        C        D         E        F      G
               +---------+---------+-------+---------+---------+-------+---------
         Total |       0 |     947 |   0.0 |       0 |      87 |   0.0 |  5947
               +---------+---------+-------+---------+---------+-------+---------
           D:1 |       0 |      62 |   0.0 |       0 |      29 |   0.0 |  1933
           D:2 |       0 |      67 |   0.0 |       0 |      16 |   0.0 |   992
           D:3 |       0 |     103 |   0.0 |       0 |      18 |   0.0 |  1338
           D:4 |       0 |     493 |   0.0 |       0 |      19 |   0.0 |  1471
           D:5 |       0 |     222 |   0.0 |       0 |       5 |   0.0 |   213
               +---------+---------+-------+---------+---------+-------+---------

Vault maps used:
D:1:      onia_arrival_pentagram, serial_co_window_serial, co_window_paths_b,
          co_window_paths_a, co_window_paths_b, co_window_of_opportunity_a,
          co_window_paths_b, co_window_paths_c, co_window_unsneaky_path_e,
          co_window_cross_3, co_window_corner_b, co_window_paths_d,
          glass_columns_a, glass_columns_c, minmay_pentomino_x4
D:2:      fedhas_altar_2, chequers_ecumenical_altar_lobes
D:3:      nicolae_overflow_crystal_walls, minmay_randomly_rotated_circles,
          uniq_crazy_yiuf_cottage
D:4:      lemuel_temple_firewalk_b
D:5:      elyvilon_altar_4, first_ration, minmay_strange_pillars,
          minmay_misc_feat_diagonals, lemuel_statue_altar

Table legend:
 A = Turns spent in this place as a percentage of turns spent in the entire game.
 B = Non-inter-level travel turns spent in this place as a percentage of non-inter-level travel turns spent in the entire game.
 C = Inter-level travel turns spent in this place as a percentage of turns spent in this place.
 D = Turns resting spent in this place as a percentage of non-inter-level travel turns spent in this place.
 E = Turns spent auto-exploring this place as a percentage of non-inter-level travel turns spent in this place.
 F = Non-inter-level travel turns spent in this place divided by the number of levels of this place that you've seen.
                   A       B       C       D       E      F
               +-------+-------+-------+-------+-------+----------------------
         Total | 100.0 | 100.0 |   3.5 |  28.9 |  49.5 | 1148.2
       Dungeon | 100.0 | 100.0 |   3.5 |  28.9 |  49.5 | 1148.2
               +-------+-------+-------+-------+-------+----------------------

Table legend:
 A = Kills in this place as a percentage of kills in entire the game.
 B = Kills by you in this place as a percentage of kills by you in the entire game.
 C = Kills by friends in this place as a percentage of kills by friends in the entire game.
 D = Other kills in this place as a percentage of other kills in the entire game.
 E = Experience gained in this place as a percentage of experience gained in the entire game.
 F = Experience gained in this place divided by the number of levels of this place that you have seen.
                   A       B       C       D       E      F
               +-------+-------+-------+-------+-------+----------------------
         Total | 100.0 | 100.0 |   N/A |   N/A | 100.0 | 189.4
       Dungeon | 100.0 | 100.0 |   N/A |   N/A | 100.0 | 189.4
               +-------+-------+-------+-------+-------+----------------------
